 Dungeon Crawl Stone Soup version 0.27-a0-978-g2aa4ecdaef (webtiles) character file.

Game seed: 15404864413172052582

34 leviel the Skirmisher (level 3, 0/33 HPs)
             Began as a Minotaur Fighter on Apr 14, 2021.
             Succumbed to an adder's poison
             ... on level 2 of the Dungeon.
             The game lasted 00:01:06 (918 turns).

leviel the Skirmisher (Minotaur Fighter)             Turns: 918, Time: 00:01:07

Health: 0/33       AC:  7    Str: 21    XL:     3   Next: 14%
Magic:  2/2        EV:  7    Int:  5    God:
Gold:   60         SH:  9    Dex:  9    Spells: 2/2 levels left

rFire    . . .     SeeInvis .   a - +0 war axe
rCold    . . .     Faith    .   c - +0 kite shield
rNeg     . . .     Spirit   .   b - +0 scale mail
rPois    .         Reflect  .   (helmet restricted)
rElec    .         Harm     .   (no cloak)
rCorr    .         Rampage  .   (no gloves)
Will     .....                  (no boots)
Stlth    ..........             (no amulet)
HPRegen  0.11/turn              (no ring)
MPRegen  0.08/turn              (no ring)

@: mighty, lethally poisoned (0 -> -5)
A: horns 2, retaliatory headbutt
a: no special abilities


You were on level 2 of the Dungeon.
You visited 1 branch of the dungeon, and saw 2 of its levels.

You collected 60 gold pieces.

Inventory:

Hand Weapons
 a - a +0 war axe (weapon)
Armour
 b - a +0 scale mail (worn)
 c - a +0 kite shield (worn)
Scrolls
 e - a scroll of fear {unknown}
Potions
 f - 2 potions of invisibility {unknown}
 g - a potion of brilliance {unknown}
 h - 3 potions of curing {unknown}


   Skills:
 + Level 4.1 Fighting
 + Level 3.0 Axes
 + Level 4.1 Armour
 + Level 4.1 Shields


You had 2 spell levels left.
You didn't know any spells.
Your spell library contained the following spells:

 Spells                   Type           Power      Damage    Failure   Level
 Freeze                   Ice            0%         1d3       99%         1
 Frozen Ramparts          Ice            0%         1d2       100%        3
 Ozocubu's Armour         Ice            0%         N/A       100%        3
 Hailstorm                Conj/Ice       0%         3d3       100%        4
 Metabolic Englaciation   Hex/Ice        0%         N/A       100%        5


Dungeon Overview and Level Annotations

Branches:
Dungeon (2/15)

Altars:

Shops:
D:1 (


Innate Abilities, Weirdness & Mutations

You have a pair of horns on your head.
You reflexively headbutt those who attack you in melee.


Message History

You hit the goblin.
The goblin is moderately wounded.
An ufetubus comes into view.
The goblin hits you with a +0 club. You block the goblin's attack.
You closely miss the goblin.
The ufetubus shouts!
Your headbutt misses the goblin.
The goblin is moderately wounded.
The goblin closely misses you.
You closely miss the goblin.
The goblin is moderately wounded.
An adder comes into view.
The goblin hits you but does no damage. x2
You slash the goblin!
You kill the goblin!
The ufetubus hits you but does no damage. x2
You block the ufetubus's attack. The ufetubus barely misses you.
You hit the ufetubus but do no damage. The ufetubus hits you.
You block the ufetubus's attack.
The ufetubus hits you but does no damage.
The ufetubus barely misses you.
You feel very mighty all of a sudden. The ufetubus hits you.
You block the ufetubus's attack. The adder bites you.
The ufetubus barely misses you. The ufetubus hits you.
You barely miss the adder. Your headbutt misses the adder.
You barely miss the ufetubus. The adder completely misses you.
You block the ufetubus's attack.
The ufetubus hits you but does no damage.
The ufetubus hits you.
* * * LOW HITPOINT WARNING * * *
The ufetubus hits you.
* * * LOW HITPOINT WARNING * * *
The adder bites you.
* * * LOW HITPOINT WARNING * * *
You are lethally poisoned!
The adder poisons you!
You slash the adder!
You kill the adder!
You closely miss the ufetubus.
You die...

#.#................# #
##.#............... #
........?....$.... #
##....?........# #
#..............##### #
#.#......).........# #
#............#.....# #
........(....#.....# #
......†@.....#.....#####
......)5..............##
.............#...†.##.##
....>#########....)##.##
....# #.....##.## ....
#.....##.#. ...
#....(##.#. ..
#.....##.#. ########.##


You could see an ufetubus.

Vanquished Creatures
  An adder (D:2)
  A worm (D:2)
  3 ball pythons (D:1)
  2 endoplasms
  A giant cockroach (D:1)
  A hobgoblin (D:2)
  3 jackals (D:2)
  2 kobolds (D:2)
  2 quokkas
  4 bats (D:1)
  2 frilled lizards (D:1)
  4 goblins
  4 rats (D:1)
30 creatures vanquished.

Notes
Turn   | Place    | Note
-------+----------+-------------------------------------------
     0 | D:1      | leviel the Minotaur Fighter began the quest for the Orb.
     0 | D:1      | Reached XP level 1. HP: 19/19 MP: 0/0
    58 | D:1      | Found a faded altar of an unknown god.
   142 | D:1      | Found Gyurip Puiwn's Antique Weapon Boutique.
   189 | D:1      | Reached XP level 2. HP: 27/27 MP: 1/1
   885 | D:2      | Reached XP level 3. HP: 13/33 MP: 2/2
   918 | D:2      | Succumbed to an adder's poison

Illustrated notes

Levels and vault maps discovered:
D:1:      tarquinn_simple_flora_water_b, layout_rooms, serial_shops,
          nicolae_shop_overgrown_old_shop, ebering_ecumenical_altar_sacrificial
D:2:      layout_basic

Skill      XL: |  1  2 |
---------------+-------+-----
Fighting       | 4 |  4.1
Armour         | 4 |  4.1
Shields        | 4 |  4.1
Axes           | 3 |  3.0

Action                   || total
-------------------------++-------
Melee: War axe           ||    81
       Headbutt          ||     6
  Use: Potion            ||     1
Armor: Scale mail        ||    44
Dodge: Dodged            ||    39
Block: Kite shield       ||    51

Table legend: (Time is in decaauts)
 A = Elapsed time spent in this place.
 B = Non-inter-level travel time spent in this place.
 C = Inter-level travel time spent in this place.
 D = Time resting spent in this place.
 E = Time spent auto-exploring this place.
 F = Levels seen in this place.
 G = Mean time per level.
                   A        B        C        D        E       F      G
               +--------+--------+--------+--------+--------+-----+--------+
         Total |    966 |    949 |     17 |     18 |    738 |   2 |  483.0 |
       Dungeon |    966 |    949 |     17 |     18 |    738 |   2 |  483.0 |
               +--------+--------+--------+--------+--------+-----+--------+

Top non-repeatable levels by time:
     D:1: 614 daAuts
     D:2: 351 daAuts
